 Dungeon Crawl Stone Soup version 0.22-a0-480-g991dd4b (webtiles) character file.

74 KillYourself the Covered (level 4, -1/40 HPs)
             Began as a Minotaur Fighter on June 16, 2018.
             Succumbed to Terence's poison
             ... on level 3 of the Dungeon.
             The game lasted 00:04:46 (1834 turns).

KillYourself the Covered (Minotaur Fighter)         Turns: 1834, Time: 00:04:47

Health: -1/40      AC:  8    Str: 21    XL:     4   Next: 9%
Magic:  3/3        EV:  7    Int:  5    God:
Gold:   66         SH:  9    Dex: 10    Spells: 3/3 levels left

rFire    . . .     SeeInvis .   a - +0 long sword
rCold    . . .     Gourm    .   c - +0 shield
rNeg     . . .     Faith    .   b - +0 scale mail
rPois    .         Spirit   .   (helmet restricted)
rElec    .         Reflect  .   (no cloak)
rCorr    .         Harm     .   (no gloves)
MR       .....                  h - +0 pair of boots
Stlth    ..........             (no amulet)
HPRegen  0.13/turn              (no ring)
MPRegen  0.08/turn              (no ring)

@: lethally poisoned (-1 -> -26)
A: retaliatory headbutt, horns 2
a: no special abilities


You were on level 3 of the Dungeon.
You were not hungry.

You visited 1 branch of the dungeon, and saw 3 of its levels.

You collected 66 gold pieces.

Inventory:

Hand Weapons
 a - a +0 long sword (weapon)
Armour
 b - a +0 scale mail (worn)
 c - a +0 shield (worn)
 h - a +0 pair of boots (worn)
 o - a +0 chain mail
Scrolls
 e - 3 scrolls of remove curse {unknown}
 g - a scroll of identify {unknown}
 i - a scroll of teleportation {unknown}
 j - 2 scrolls of fear {unknown}
 k - a scroll of amnesia {unknown}
 l - a scroll of fog {unknown}
 n - a scroll of magic mapping {unknown}
Potions
 d - a potion of might
 m - a potion of cancellation {unknown}
 p - a potion of agility {unknown}
Comestibles
 f - 5 rations
 q - a chunk of flesh


   Skills:
 + Level 4.1 Fighting
 * Level 4.0 Long Blades
 + Level 4.1 Armour
 + Level 0.2 Dodging
 + Level 0.1 Stealth
 + Level 4.1 Shields


You had 3 spell levels left.
You didn't know any spells.
Your spell library was empty.

Dungeon Overview and Level Annotations

Branches:
Dungeon (3/15)

Altars:

Annotations:
D:3 Terence


Innate Abilities, Weirdness & Mutations

You reflexively headbutt those who attack you in melee.
You have a pair of horns on your head.


Message History

You are more poisoned.
You hit Terence but do no damage. You headbutt Terence, but do no damage.
You feel sick.
Terence hits you with a short sword of venom.
You are lethally poisoned!
You closely miss Terence. You headbutt Terence, but do no damage.
* * * LOW HITPOINT WARNING * * *
You feel sick. You block Terence's attack.
Terence hits you with a short sword of venom.
* * * LOW HITPOINT WARNING * * *
You are more poisoned.
You hit Terence but do no damage. You headbutt Terence.
Terence is lightly wounded.
* * * LOW HITPOINT WARNING * * *
You feel very sick. Terence barely misses you. You furiously retaliate!
You headbutt Terence, but do no damage.
* * * LOW HITPOINT WARNING * * *
You feel sick.
You die...

#####.#
#.@...#
#.#####
#@# #.#
#.# ..#
###


You could see Terence.

Vanquished Creatures
  A gnoll (D:1)
  2 adders
  A dart slug (D:1)
  A leopard gecko (D:2)
  4 bats
  4 giant cockroaches (D:1)
  7 goblins
  7 hobgoblins
  2 jackals (D:1)
  6 kobolds
  2 frilled lizards
  4 rats
41 creatures vanquished.

Notes
Turn   | Place    | Note
-------+----------+-------------------------------------------
     0 | D:1      | KillYourself the Minotaur Fighter began the quest for the Orb.
     0 | D:1      | Reached XP level 1. HP: 19/19 MP: 0/0
    86 | D:1      | Reached XP level 2. HP: 9/27 MP: 1/1
   610 | D:1      | Reached XP level 3. HP: 33/33 MP: 2/2
  1817 | D:3      | Noticed Terence
  1820 | D:3      | Reached XP level 4. HP: 38/40 MP: 3/3
  1833 | D:3      | HP: 1/40 [poisoned by Terence]
  1834 | D:3      | Succumbed to Terence's poison

Vault maps used:
D:1:      shiori_shiawase
D:2:      first_ration
D:3:      uniq_terence, uniq_natasha, uniq_crazy_yiuf_cottage, uniq_sigmund

Skill      XL: |  1  2  3 |
---------------+----------+-----
Long Blades    | 3 4 |  4.0
Fighting       | 4 |  4.1
Armour         | 4 |  4.1
Shields        | 4 |  4.1
Dodging        | |  0.2
Stealth        | |  0.1

Action                   |  1- 3 |  4- 6 || total
-------------------------+-------+-------++-------
Melee: Long sword        |   121 |    12 ||   133
       Headbutt          |    16 |     4 ||    20
  Eat: Chunk             |     3 |       ||     3
Armor: Scale mail        |    59 |       ||    59
Dodge: Dodged            |    27 |     1 ||    28
Block: Shield            |    62 |     6 ||    68
       Rpst.: Long sword |     5 |       ||     5

Table legend:
 A = Spawn XP
 B = Non-spawn XP
 C = Spawn XP percentage of total XP
 D = Spawn monster count
 E = Non-spawn monster count
 F = Spawn count percentage of total count
 G = Total turns spent on level
                    A         B        C        D         E        F      G
               +---------+---------+-------+---------+---------+-------+---------
         Total |       0 |     106 |   0.0 |       0 |      41 |   0.0 |  1834
               +---------+---------+-------+---------+---------+-------+---------
           D:1 |       0 |      58 |   0.0 |       0 |      25 |   0.0 |   927
           D:2 |       0 |      34 |   0.0 |       0 |      14 |   0.0 |   887
           D:3 |       0 |      14 |   0.0 |       0 |       2 |   0.0 |    20
               +---------+---------+-------+---------+---------+-------+---------
